 Dungeon Crawl Stone Soup version 0.31.0-9-g3a7656b989 (webtiles) character file.

Game seed: 3828766760088588109

540 qw the Shooter (level 7, 0/35 HPs)
             Began as a Spriggan Hunter on Feb 2, 2024.
             Killed from afar by an orc wizard (5 damage)
             ... with a magic dart
             ... on level 4 of the Dungeon.
             The game lasted 00:00:13 (2634 turns).

qw the Shooter (Spriggan Hunter)                    Turns: 2634, Time: 00:00:14

Health: 0/35       AC:  2    Str: 11 (13) XL:     7   Next: 5%
Magic:  8/8        EV: 21    Int: 11      God:
Gold:   235        SH:  0    Dex: 19 (20) Spells: 6/6 levels left

rFire   + . .        a - +0 shortbow
rCold   + . .        (shield currently unavailable)
rNeg    . . .        c - +0 robe
rPois   .            (helmet restricted)
rElec   .            g - scarf {rC+ rF+}
rCorr   .            (gloves unavailable)
SInv    +            (boots unavailable)
Will    +....        (no amulet)
Stlth   ++           e - +6 ring of strength
HPRegen 0.25/turn    (no ring)
MPRegen 0.11/turn

%: no passive effects
@: very quick
A: very small, no large weapons, unfitting armour, see invisible, speed 3
a: no special abilities


You were on level 4 of the Dungeon.
You visited 1 branch of the dungeon, and saw 5 of its levels.

You collected 257 gold pieces.
You spent 22 gold pieces at shops.


Innate Abilities, Weirdness & Mutations

You are very small and have problems with some larger weapons.
You are too small for most types of armour.
You have supernaturally acute eyesight. (SInv)
You cover ground extremely quickly. (Speed+++)


   Skills:
 - Level 2.1 Fighting
 - Level 7.0 Ranged Weapons
 + Level 6.5 Dodging
 - Level 1.5 Stealth


You had 6 spell levels left.
You didn't know any spells.
Your spell library was empty.

Inventory:

Hand Weapons
 a - a +0 shortbow (weapon)
Armour
 c - a +0 robe (worn)
 g - a scarf of resistance (worn)
Jewellery
 e - a +6 ring of strength (left hand)
Potions
 b - a potion of resistance {unknown}
 d - a potion of attraction {unknown}
 f - a potion of haste {unknown}
 h - a potion of enlightenment
 i - a potion of cancellation {unknown}
 j - a potion of curing {unknown}

Dungeon Overview and Level Annotations

Branches:
Dungeon (5/15)
 Temple: D:4-7

Altars:
Ashenzari
Ru
Uskayaw
The Shining One

Shops:
D:1 *   D:3 !   D:4 =


Message History

You shoot an arrow.
The arrow barely misses the orc warrior.
An orc priest comes into view. It is wielding a +0 hand axe.
The orc warrior completely misses you.
You shoot an arrow. The arrow hits the orc warrior!
The orc warrior is moderately wounded.
The orc priest calls upon Beogh to heal the orc warrior.
The orc warrior is healed somewhat.
You shoot an arrow. The arrow barely misses the orc wizard.
The arrow closely misses the orc priest.
The orc warrior barely misses you. The orc wizard misses you.
You shoot an arrow. The arrow barely misses the orc wizard.
The arrow hits the orc!
You kill the orc!
The orc warrior misses you. The orc wizard barely misses you.
You shoot an arrow. The arrow hits the orc wizard.
The orc wizard is heavily wounded.
The orc warrior hits you with a +0 war axe!
The orc wizard closely misses you.
You shoot an arrow.
The arrow closely misses the orc wizard.
The orc warrior completely misses you.
The orc wizard points at you and mumbles some strange words.
The magic dart hits you.
You shoot an arrow.
The arrow closely misses the orc wizard.
The orc warrior barely misses you.
The orc wizard hits you with a +0 dagger.
The orc warrior misses you. The orc wizard misses you.
You shoot an arrow.
The arrow closely misses the orc wizard.
The orc warrior closely misses you.
The orc wizard gestures at you while chanting.
You resist with almost no effort.
You shoot an arrow. The arrow hits the orc wizard.
The orc wizard is severely wounded.
The orc warrior hits you with a +0 war axe!
The orc wizard casts a spell at you. The magic dart hits you.
You die... #.# # #.# #. #.# #.# #.# #.. #.# ... #.# #)### #.# #ooo#

#.# #@# #.#
#.###########.#
#.............#
###############


You could see an orc warrior, an orc priest and an orc wizard (invisible).

Vanquished Creatures
  A black bear (D:4)
  An ogre (D:4)
  A phantom (D:4)
  An orc priest (D:4)
  2 hounds
  An iguana (D:2)
  8 adders
  A gnoll (D:3)
  A white imp (D:4)
  A ribbon worm (D:2)
  4 orcs
  6 endoplasms
  8 giant cockroaches
  3 goblins
  4 hobgoblins
  2 jackals (D:4)
  3 kobolds
  5 quokkas
  11 ball pythons
  12 bats
  3 frilled lizards (D:1)
  9 rats
88 creatures vanquished.

Notes
Turn   | Place    | Note
-------+----------+-------------------------------------------
     0 | D:1      | qw the Spriggan Hunter began the quest for the Orb.
     0 | D:1      | Reached XP level 1. HP: 10/10 MP: 2/2
     0 | D:1      | 0 ||| qw: Version: 0.3-a-155-g5e7d8dd
     0 | D:1      | 0 ||| qw: Game counter: 2128
     0 | D:1      | 0 ||| qw: Melee chars always use a shield: true
     0 | D:1      | 0 ||| qw: God list: Okawaru
     0 | D:1      | 0 ||| qw: Allow faded altars: false
     0 | D:1      | 0 ||| qw: Do Orc after clearing Dungeon:15 true
     0 | D:1      | 0 ||| qw: Do second Lair branch before Depths: true
     0 | D:1      | 0 ||| qw: Lair rune preference: random
     0 | D:1      | 0 ||| qw: Goals: Normal
     0 | D:1      | 0 ||| PLANNING D:1-11
    56 | D:1      | Reached skill level 3 in Dodging
   122 | D:1      | Reached XP level 2. HP: 14/14 MP: 3/3
   354 | D:1      | Found Qecli's Assorted Antiques.
   357 | D:1      | 357 ||| BUYING inky potion (22 gold).
   357 | D:1      | Bought an inky potion for 22 gold pieces
   357 | D:1      | 357 ||| SHOPLISTING red potion (22 gold, have 10).
   357 | D:1      | 357 ||| SHOPLISTING scroll labelled GAFIFY XIHIA (25 gold,
                  | have 10).
   375 | D:1      | Reached XP level 3. HP: 18/18 MP: 4/4
   520 | D:1      | 520 ||| UPGRADING to scarf of resistance.
   525 | D:1      | 525 ||| READING scroll labelled REAFAI DABBESCH.
   626 | D:1      | 626 ||| READING 2 scrolls labelled UBUFUU OLUAXIWOIS.
   626 | D:1      | 626 ||| IDENTIFYING dark potion
   627 | D:1      | 627 ||| READING scroll of identify.
   627 | D:1      | 627 ||| IDENTIFYING inky potion
   628 | D:1      | 628 ||| DROPPING scroll of butterflies.
   666 | D:2      | Reached skill level 5 in Ranged Weapons
   730 | D:2      | Reached XP level 4. HP: 22/22 MP: 5/5
  1080 | D:2      | 1080 ||| DROPPING ring of magical power.
  1081 | D:2      | 1081 ||| READING 3 scrolls labelled HETEIRPHUWN.
  1082 | D:2      | 1082 ||| READING scroll labelled ABEKO OC XYO.
  1083 | D:2      | 1083 ||| READING scroll labelled JIKEVI WOASU.
  1084 | D:2      | 1084 ||| DROPPING 2 scrolls of noise.
  1110 | D:3      | Found Veunitod's Distillery.
  1122 | D:3      | 1122 ||| SHOPLISTING potion of enlightenment (65 gold, have
                  | 51).
  1122 | D:3      | 1122 ||| SHOPLISTING potion of heal wounds (65 gold, have
                  | 51).
  1173 | D:3      | You fall into a shaft and drop 2 floors!
  1173 | D:5      | Entered Level 5 of the Dungeon
  1187 | D:4      | Reached XP level 5. HP: 26/26 MP: 6/6
  1199 | D:4      | Noticed a black bear
  1209 | D:4      | 1209 ||| RETREEEEATING.
  1211 | D:4      | 1211 ||| RETREEEEATING.
  1212 | D:4      | 1212 ||| RETREEEEATING.
  1213 | D:4      | 1213 ||| RETREEEEATING.
  1214 | D:4      | 1214 ||| RETREEEEATING.
  1215 | D:4      | HP: 5/26 [black bear (5)]
  1215 | D:4      | HP: 1/26 [black bear (4)]
  1216 | D:4      | 1216 ||| DRINKING potion of heal wounds.
  1217 | D:4      | Killed a black bear
  1218 | D:4      | Reached skill level 6 in Ranged Weapons
  1239 | D:4      | Noticed a phantom
  1254 | D:4      | Killed a phantom
  1255 | D:4      | Reached XP level 6. HP: 18/30 MP: 7/7
  1352 | D:4      | Reached skill level 6 in Dodging
  1414 | D:4      | Found Hyublam Duck's Jewellery Shop.
  1417 | D:4      | 1417 ||| SHOPLISTING +4 ring of slaying (1014 gold, have
                  | 66).
  1417 | D:4      | 1417 ||| SHOPLISTING +5 ring of evasion (468 gold, have
                  | 66).
  1417 | D:4      | 1417 ||| SHOPLISTING +6 ring of strength (468 gold, have
                  | 66).
  1417 | D:4      | 1417 ||| SHOPLISTING amulet "Worareyc" {RegenMP Str+5} (617
                  | gold, have 66).
  1417 | D:4      | 1417 ||| SHOPLISTING amulet of faith (520 gold, have 66).
  1417 | D:4      | 1417 ||| SHOPLISTING ring of poison resistance (260 gold,
                  | have 66).
  1417 | D:4      | 1417 ||| SHOPLISTING ring of protection from cold (325
                  | gold, have 66).
  1417 | D:4      | 1417 ||| SHOPLISTING ring of willpower (325 gold, have 66).
  1558 | D:4      | 1558 ||| READING scroll labelled VIL GUCHAS.
  1559 | D:4      | 1559 ||| READING scroll labelled ZINYCO UMISK.
  1560 | D:4      | 1560 ||| DRINKING 2 fuming ruby potions.
  1561 | D:4      | 1561 ||| DROPPING potion of degeneration.
  1563 | D:4      | 1563 ||| Stepping ~*~*~tactically~*~*~ (cloud).
  1652 | D:3      | Found a sacrificial altar of Ru.
  1880 | D:3      | Reached skill level 7 in Ranged Weapons
  2020 | D:3      | Reached XP level 7. HP: 34/35 MP: 8/8
  2203 | D:3      | Found a broken altar of Ashenzari.
  2203 | D:3      | Found a glowing golden altar of the Shining One.
  2203 | D:3      | Found a hide-covered altar of Uskayaw.
  2241 | D:3      | 2241 ||| UPGRADING to +6 ring of strength.
  2242 | D:3      | 2242 ||| READING scroll labelled SUIDWO VAWK.
  2634 | D:4      | HP: 5/35 [orc warrior/+0 war axe (9)]
  2634 | D:4      | Killed from afar by an orc wizard

Levels and vault maps discovered:
D:1:      dpeg_arrival_shelter, layout_rooms, serial_shops,
          nicolae_shop_behind_doors
D:2:      layout_basic
D:3:      layout_rooms, amcnicky_altar_gilded, gammafunk_temple_overflow_claw,
          serial_shops, nicolae_diamond_shop, minmay_mini_jars
D:4:      layout_basic, nicolae_overflow_crystal_walls, serial_shops,
          kennysheep_mini_moat, uniq_menkaure
D:5:      layout_basic, supply_closet_lemuel, st_stairs_3,
          dreamdust_princess_bridge, minmay_starry_boxes

Skill      XL: |  1  2  3  4  5  6 |
---------------+-------------------+-----
Dodging        | 3 4 5 6 |  6.5
Ranged Weapons | 5 6 7 |  7.0
Fighting       | 2 |  2.1
Stealth        | |  1.5

Action                     |  1- 3 |  4- 6 |  7- 9 || total
---------------------------+-------+-------+-------++-------
   Fire: Shortbow          |   105 |   167 |    45 ||   317
    Use: Scroll            |     3 |     5 |     1 ||     9
         Potion            |       |     2 |       ||     2
 Armour: Robe              |    11 |    32 |    12 ||    55
  Dodge: Dodged            |    44 |    92 |    27 ||   163

Table legend:
 A = Non-vault XP
 B = Vault XP
 C = Vault XP percentage of total XP
 D = Non-vault monster count
 E = Vault monster count
 F = Vault count percentage of total count
                 A         B        C        D         E       F
            +---------+---------+-------+---------+---------+-------
      Total |     721 |      51 |   6.6 |      78 |      10 |  11.4
            +---------+---------+-------+---------+---------+-------
        D:1 |      42 |       0 |   0.0 |      29 |       0 |   0.0
        D:2 |     145 |       0 |   0.0 |      20 |       0 |   0.0
        D:3 |      35 |      51 |  59.3 |       8 |      10 |  55.6
        D:4 |     499 |       0 |   0.0 |      21 |       0 |   0.0
            +---------+---------+-------+---------+---------+-------
